[Event "ICC Open 2015"]
[Site "Internet Chess Club"]
[Date "2015.05.29"]
[Round "9"]
[White "nihil95"]
[Black "ghorok"]
[Result "0-1"]
[ICCResult "White checkmated"]
[WhiteElo "1685"]
[BlackElo "1644"]
[Opening "French defense"]
[ECO "C00"]
[NIC "FR.01"]
[Time "15:39:58"]
[TimeControl "180+0"]

1. e4 e6 2. Nf3 d5 3. e5 c5 4. Bb5+ Nc6 5. O-O Qb6 6. a4 a6 7. Bxc6+ bxc6 8.
d4 cxd4 9. Nxd4 a5 10. c3 Ba6 11. Re1 Bc5 12. b3 Ne7 13. g4 Ng6 14. Ba3 Bxa3
15. Nxa3 O-O 16. Qd2 Rfc8 17. f4 Ne7 18. Kg2 Rab8 19. Rab1 Bb7 20. Nac2 c5
21. Nb5 d4+ 22. Kg3 Qc6 23. Nd6 Qf3+ 24. Kh4 Ng6+ 25. Kg5 h6+ 26. Kh5 Nxf4+
27. Qxf4 Qxf4 28. Kh4 Qxh2# {White checkmated} 0-1

[Event "ICC Open 2015"]
[Site "Internet Chess Club"]
[Date "2015.05.29"]
[Round "9"]
[White "JEMEM"]
[Black "kobayashi"]
[Result "0-1"]
[ICCResult "White checkmated"]
[WhiteElo "1964"]
[BlackElo "1988"]
[Opening "Old Benoni defense"]
[ECO "A44"]
[NIC "OI.09"]
[Time "15:38:44"]
[TimeControl "180+0"]

1. d4 c5 2. d5 e5 3. c4 d6 4. Nc3 Be7 5. e4 Bg5 6. Bxg5 Qxg5 7. Nf3 Qe7 8.
Bd3 Nh6 9. O-O O-O 10. a3 f5 11. b4 Na6 12. b5 Nc7 13. a4 f4 14. Nd2 g5 15.
Bb1 g4 16. f3 g3 17. h3 Qh4 18. Qe2 Nf7 19. Rc1 Ng5 20. Nf1 Bxh3 21. gxh3
Nxh3+ 22. Kg2 Nf2 23. Nxg3 fxg3 24. f4 Qh3+ 25. Kf3 g2+ 26. Kxf2 Rxf4+ 27.
Ke1 g1=Q+ 28. Kd2 Qf2 29. Bd3 Qxe2+ 30. Bxe2 Raf8 31. Rg1+ Kh8 32. Rg5 Qh6
33. Kc2 Qxg5 34. b6 axb6 35. a5 bxa5 36. Rxa5 Rf2 37. Ra6 Nxa6 38. Kd1 Qe3
39. Kc2 Rxe2+ 40. Nxe2 Nb4+ 41. Kb1 Qxe2 42. Kc1 Qc2# {White checkmated} 0-1

[Event "ICC Open 2015"]
[Site "Internet Chess Club"]
[Date "2015.05.29"]
[Round "9"]
[White "Parsifal"]
[Black "BORIS-51"]
[Result "1-0"]
[ICCResult "Black forfeits on time"]
[WhiteElo "2405"]
[BlackElo "2075"]
[Opening "Scandinavian (center counter) defense"]
[ECO "B01"]
[NIC "SD.01"]
[Time "15:38:26"]
[TimeControl "180+0"]

1. e4 d5 2. exd5 Qxd5 3. Nc3 Qa5 4. Bc4 Nf6 5. d3 c6 6. Ne2 h5 7. O-O h4 8.
h3 Bf5 9. Nd4 Bg6 10. Re1 Nbd7 11. Bd2 Qh5 12. Nf3 O-O-O 13. b4 e6 14. b5 c5
15. Ne2 e5 16. Qb1 Bd6 17. a4 Bf5 18. Ng5 Rhf8 19. Qb3 Bg6 20. Nc3 Nb6 21.
a5 Nxc4 22. Qxc4 Kb8 23. Be3 Rc8 24. Ra4 Rfd8 25. a6 b6 26. Nd5 Bf8 27. Nxf6
gxf6 28. Nf3 Bf5 29. Nxh4 Be6 30. Qe4 Bd5 31. Qg4 Qh8 32. Nf5 Bd6 33. Re4
Ba8 34. c4 Rg8 35. Qf3 {Black forfeits on time} 1-0

[Event "ICC Open 2015"]
[Site "Internet Chess Club"]
[Date "2015.05.29"]
[Round "9"]
[White "haimw"]
[Black "asithink"]
[Result "0-1"]
[ICCResult "White resigns"]
[WhiteElo "1871"]
[BlackElo "2142"]
[Opening "Queen's pawn: Keres defense"]
[ECO "A40"]
[NIC "QO.17"]
[Time "15:39:52"]
[TimeControl "180+0"]

1. d4 e6 2. c4 b6 3. Nc3 Bb4 4. a3 Bxc3+ 5. bxc3 Bb7 6. f3 f5 7. e3 Nf6 8.
Bd3 O-O 9. Ne2 d6 10. O-O Nbd7 11. Ng3 Qe8 12. e4 fxe4 13. fxe4 e5 14. Qe2
Qg6 15. Nf5 Rae8 16. d5 Nc5 17. Rf3 Nxd3 18. Rg3 Nf4 19. Bxf4 Qxf5 20. exf5
exf4 21. Rxg7+ Kxg7 22. Qf3 Re4 23. g4 fxg3 24. hxg3 Rfe8 25. Rf1 Ba6 26.
Rf2 Bxc4 27. Kg2 Bxd5 28. Rd2 Re2+ {White resigns} 0-1

[Event "ICC Open 2015"]
[Site "Internet Chess Club"]
[Date "2015.05.29"]
[Round "9"]
[White "olakenn"]
[Black "Stone-Castle"]
[Result "0-1"]
[ICCResult "White forfeits on time"]
[WhiteElo "1624"]
[BlackElo "1858"]
[Opening "Scandinavian defense"]
[ECO "B01"]
[NIC "SD.03"]
[Time "15:39:01"]
[TimeControl "180+0"]

1. e4 d5 2. exd5 Nf6 3. Bc4 Nxd5 4. Nf3 Bg4 5. O-O e6 6. h3 Bh5 7. Re1 Be7
8. Nc3 c6 9. d3 O-O 10. Be3 Nxe3 11. Rxe3 Nd7 12. Ne2 Nb6 13. Bb3 Nd5 14.
Re4 Bxf3 15. gxf3 Bf6 16. c3 Qd7 17. Rg4 Rfd8 18. d4 a5 19. Ng3 b5 20. Nh5
g6 21. Bxd5 Qe7 22. Nxf6+ Qxf6 23. Bxc6 Rab8 24. Be4 h5 25. Rg3 b4 26. Qf1
bxc3 27. bxc3 Rbc8 28. Rc1 Rd6 29. Qe2 Rcd8 30. Qe3 Qe7 31. Qh6 Qf8 32. Qxh5
Qg7 33. Bxg6 fxg6 34. Rxg6 Kf8 35. Rxg7 Kxg7 36. Kh2 Kf6 37. Rg1 Ke7 38.
Rg7+ Kf6 {White forfeits on time} 0-1

[Event "ICC Open 2015"]
[Site "Internet Chess Club"]
[Date "2015.05.29"]
[Round "9"]
[White "nurmi"]
[Black "Dictator"]
[Result "0-1"]
[ICCResult "White resigns"]
[WhiteElo "2197"]
[BlackElo "2604"]
[Opening "Ruy Lopez: Anderssen variation"]
[ECO "C77"]
[NIC "RL.12"]
[Time "15:38:38"]
[TimeControl "180+0"]

1. e4 e5 2. Nf3 Nc6 3. Bb5 a6 4. Ba4 Nf6 5. d3 d6 6. O-O b5 7. Bb3 Be7 8. c3
O-O 9. Nbd2 Na5 10. Bc2 c5 11. Re1 Qc7 12. Nf1 h6 13. d4 cxd4 14. cxd4 Bg4
15. dxe5 dxe5 16. Ne3 Rfd8 17. Qe2 Be6 18. Bd2 Nc4 19. Bc3 b4 20. Bd2 Nxe3
21. Bxe3 Bc4 22. Bb6 Qc8 23. Qe3 Ng4 24. Bxd8 Nxe3 25. Rxe3 Qxd8 26. Nxe5
Rc8 27. Rd1 Qc7 28. Nxc4 Qxc4 29. Bb3 Qc5 30. h3 Bf6 31. Rd7 Rc7 32. Bxf7+
Kf8 33. Rxc7 Qxc7 34. Bb3 Qc1+ 35. Kh2 Qxb2 36. Rf3 Qe5+ 37. g3 Qxe4 38. Rf4
Qe2 39. Kg2 a5 40. g4 Qb5 41. Rf5 Qc6+ 42. Bd5 Qd7 43. Bc4 a4 44. Bb5 Qb7+
45. Kg1 b3 46. axb3 a3 47. Bc4 a2 48. Ra5 a1=Q+ 49. Rxa1 Bxa1 50. Kh2 Qf3
51. Kg1 Bd4 {White resigns} 0-1

[Event "ICC Open 2015"]
[Site "Internet Chess Club"]
[Date "2015.05.29"]
[Round "9"]
[White "LittleDonkey"]
[Black "nitishdas"]
[Result "1-0"]
[ICCResult "Black checkmated"]
[WhiteElo "2318"]
[BlackElo "1793"]
[Opening "Scandinavian (center counter) defense"]
[ECO "B01"]
[NIC "VO.17"]
[Time "15:39:00"]
[TimeControl "180+0"]

1. e4 d5 2. exd5 c6 3. dxc6 Nxc6 4. Nc3 e5 5. d3 Bc5 6. Be2 Nf6 7. Nf3 Bf5
8. Bg5 Qb6 9. Bxf6 gxf6 10. Nd5 Bxf2+ 11. Kf1 Qd8 12. Nxf6+ Qxf6 13. Kxf2
O-O-O 14. Rf1 e4 15. Ne1 Rhg8 16. Kg1 Qg5 17. Kh1 exd3 18. cxd3 Be4 19. Bf3
Bxd3 20. Nxd3 Ne5 21. Qc2+ Kb8 22. Nxe5 Qxe5 23. Rac1 Rg6 24. Qb3 b6 25.
Qxf7 Rg7 26. Qc4 Rg6 27. Rfe1 Qxb2 28. Qc7# {Black checkmated} 1-0

[Event "ICC Open 2015"]
[Site "Internet Chess Club"]
[Date "2015.05.29"]
[Round "9"]
[White "onti"]
[Black "franco"]
[Result "0-1"]
[ICCResult "White forfeits on time"]
[WhiteElo "1425"]
[BlackElo "1290"]
[Opening "Sicilian: Grand Prix attack"]
[ECO "B21"]
[NIC "SI.48"]
[Time "15:38:48"]
[TimeControl "180+0"]

1. e4 c5 2. f4 Nc6 3. Nf3 d6 4. Bc4 e6 5. O-O Nf6 6. e5 dxe5 7. d3 exf4 8.
Bxf4 Bd6 9. Qd2 Bxf4 10. Qxf4 O-O 11. Ng5 Qd4+ 12. Qxd4 Nxd4 13. Na3 h6 14.
Nf3 Nxf3+ 15. Rxf3 a6 16. d4 cxd4 17. Bd3 e5 18. Rff1 e4 19. Bc4 Be6 20. b3
b5 21. Bxe6 fxe6 22. Rad1 e5 23. c3 d3 24. Rfe1 Rfc8 25. c4 bxc4 26. Nxc4 a5
27. Nxe5 a4 28. bxa4 Rxa4 29. Rc1 Rxc1 30. Rxc1 Ra8 31. Rd1 Kh7 32. h3 Re8
33. Nc4 Rc8 {White forfeits on time} 0-1

[Event "ICC Open 2015"]
[Site "Internet Chess Club"]
[Date "2015.05.29"]
[Round "9"]
[White "livis"]
[Black "ural"]
[Result "0-1"]
[ICCResult "White resigns"]
[WhiteElo "1945"]
[BlackElo "2503"]
[Opening "Scandinavian (center counter) defense"]
[ECO "B01"]
[NIC "VO.17"]
[Time "15:39:54"]
[TimeControl "180+0"]

1. e4 d5 2. e5 c5 3. f4 g5 4. Nf3 g4 5. Ng1 Nc6 6. d3 h5 7. Be2 Nh6 8. c3
Nf5 9. Na3 Qb6 10. Nc2 Be6 11. Rb1 O-O-O 12. Ne3 Nxe3 13. Bxe3 d4 14. cxd4
Nxd4 15. Bxd4 Rxd4 16. b3 Rxf4 17. Qd2 Bh6 18. Qc2 Kb8 19. Bf1 Qa5+ 20. b4
Rxb4 21. Kf2 Rxb1 22. Qxb1 Qd2+ 23. Be2 Be3+ 24. Kf1 Bxa2 25. Qd1 Qb4 26. h3
Qf4+ 27. Bf3 gxf3 28. Nxf3 Rd8 29. Qe2 Bd5 {White resigns} 0-1

[Event "ICC Open 2015"]
[Site "Internet Chess Club"]
[Date "2015.05.29"]
[Round "9"]
[White "suilven"]
[Black "chessrex"]
[Result "0-1"]
[ICCResult "White resigns"]
[WhiteElo "1852"]
[BlackElo "2073"]
[Opening "QP counter-gambit (elephant gambit)"]
[ECO "C40"]
[NIC "KP.10"]
[Time "15:39:09"]
[TimeControl "180+0"]

1. e4 e5 2. Nf3 d5 3. Nxe5 Bd6 4. d4 dxe4 5. Nc4 Nf6 6. Nxd6+ cxd6 7. Be2
O-O 8. O-O d5 9. f3 Nc6 10. c3 Qd6 11. Bg5 exf3 12. Bxf3 Ne4 13. Bxe4 dxe4
14. Nd2 f5 15. Bf4 Qg6 16. Nc4 Ne7 17. Ne5 Qe6 18. Qb3 Qxb3 19. axb3 Nd5 20.
b4 a6 21. b5 Be6 22. bxa6 Rxa6 23. Rxa6 bxa6 24. g3 h6 25. Ra1 g5 26. g4
gxf4 27. Rxa6 Re8 28. gxf5 Bxf5 29. Rxh6 e3 30. Rh5 Bc2 31. Kf1 Bd1 32. Nc4
Bxh5 {White resigns} 0-1

[Event "ICC Open 2015"]
[Site "Internet Chess Club"]
[Date "2015.05.29"]
[Round "9"]
[White "RobbieWilliams"]
[Black "Kenajode"]
[Result "0-1"]
[ICCResult "White checkmated"]
[WhiteElo "1721"]
[BlackElo "1641"]
[Opening "Queen's pawn: stonewall attack"]
[ECO "D00"]
[NIC "QP.08"]
[Time "15:40:04"]
[TimeControl "180+0"]

1. d4 d5 2. e3 Nf6 3. Bd3 g6 4. Nd2 Bg7 5. f4 O-O 6. Ngf3 Bg4 7. O-O Nbd7 8.
c3 c5 9. Qe1 c4 10. Bc2 Bxf3 11. gxf3 e6 12. e4 b5 13. a3 Nh5 14. Nb1 Bh6
15. f5 Bxc1 16. Qxc1 Qh4 17. Kh1 Nf4 18. Qd2 gxf5 19. exf5 Kh8 20. Rg1 Rg8
21. a4 Rxg1+ 22. Kxg1 Rg8+ 23. Kh1 Qh3 24. Na3 Rg2 25. Qxf4 Nf6 26. fxe6 Nh5
27. Qb8+ Rg8 28. Qe5+ f6 29. Bf5 Qxf3# {White checkmated} 0-1

[Event "ICC Open 2015"]
[Site "Internet Chess Club"]
[Date "2015.05.29"]
[Round "9"]
[White "Estocolmov"]
[Black "AAntonioEu"]
[Result "0-1"]
[ICCResult "White resigns"]
[WhiteElo "2201"]
[BlackElo "1943"]
[Opening "Queen's gambit accepted"]
[ECO "D20"]
[NIC "QG.03"]
[Time "15:38:39"]
[TimeControl "180+0"]

1. d4 d5 2. c4 dxc4 3. Nc3 a6 4. e4 b5 5. Nf3 Bb7 6. e5 e6 7. Be2 c5 8. Be3
cxd4 9. Nxd4 Ne7 10. Bf3 Bxf3 11. Qxf3 Nd7 12. Qg3 g6 13. Ne4 Nf5 14. Nxf5
exf5 15. Nd6+ Bxd6 16. exd6 O-O 17. O-O f6 18. Rad1 Ne5 19. b3 cxb3 20. axb3
Rf7 21. f4 Ng4 22. Bc5 Rd7 23. h3 Nh6 24. Rfe1 Nf7 25. Re7 Rc8 26. Rde1 Nxd6
27. b4 Rxe7 28. Rd1 Rd7 29. Qb3+ Kg7 30. Qe6 Rcc7 31. h4 Ne4 32. Rxd7+ Qxd7
33. Qxa6 Qd1+ 34. Kh2 Qd3 35. Qb6 Rd7 36. h5 Qg3+ 37. Kh1 Rd1+ 38. Bg1 Nf2+
39. Qxf2 Qxf2 40. Kh2 Rxg1 {White resigns} 0-1

[Event "ICC Open 2015"]
[Site "Internet Chess Club"]
[Date "2015.05.29"]
[Round "9"]
[White "RiFlex01"]
[Black "Bagelhead"]
[Result "1-0"]
[ICCResult "Black resigns"]
[WhiteElo "2238"]
[BlackElo "2331"]
[Opening "Vienna game"]
[ECO "C28"]
[NIC "IG.04"]
[Time "15:39:34"]
[TimeControl "180+0"]

1. e4 e5 2. Bc4 Nc6 3. Nc3 Nf6 4. d3 Na5 5. Nge2 c6 6. a3 Nxc4 7. dxc4 Bc5
8. Qd3 d6 9. h3 a5 10. Bg5 h6 11. Bh4 g5 12. Bg3 Be6 13. h4 g4 14. h5 Qe7
15. Bh4 Bb6 16. O-O Rg8 17. Rfd1 Bc7 18. Ng3 Rd8 19. b4 axb4 20. axb4 Kf8
21. b5 Bb6 22. bxc6 bxc6 23. Rdb1 Bc5 24. Ra6 Kg7 25. Rxc6 Rb8 26. Rd1 Rgc8
27. Rxc8 Rxc8 28. Nd5 Bxd5 29. Nf5+ Kf8 30. Nxe7 Bxc4 31. Qd2 Kxe7 32. Qxh6
Kd7 33. Qxf6 Be6 34. Qxe5 Kc6 35. Qc3 Kd7 36. Qf6 Kc6 37. h6 {Black resigns}
1-0

[Event "ICC Open 2015"]
[Site "Internet Chess Club"]
[Date "2015.05.29"]
[Round "9"]
[White "paraguayo"]
[Black "Baltimora"]
[Result "0-1"]
[ICCResult "White forfeits on time"]
[WhiteElo "1776"]
[BlackElo "2331"]
[Opening "French: Winawer, Petrosian variation"]
[ECO "C16"]
[NIC "FR.09"]
[Time "15:39:04"]
[TimeControl "180+0"]

1. e4 e6 2. d4 d5 3. Nc3 Bb4 4. e5 Qd7 5. Qg4 f5 6. Qh5+ g6 7. Qf3 b6 8. Bd2
Ba6 9. Bxa6 Nxa6 10. Nge2 O-O-O 11. O-O h6 12. a3 Bxc3 13. Bxc3 Ne7 14. Bd2
c5 15. c4 dxc4 16. Bc3 Qd5 17. Qg3 g5 18. dxc5 Nxc5 19. Bb4 f4 20. Qc3 Nf5
21. Bxc5 Qxc5 22. Rfd1 Rxd1+ 23. Rxd1 Rd8 24. Rxd8+ Kxd8 25. Qd2+ Ke7 26.
Nc3 Qxe5 27. h3 a6 28. Na4 b5 29. Nb6 Qd4 30. Qb4+ Kf7 31. Nc8 Qd1+ 32. Kh2
Qd7 33. Qc5 f3 34. g3 Kg6 35. Nb6 Qd6 36. Qxd6 Nxd6 37. Nd7 Kf5 38. Nc5 e5
39. Nxa6 Ne4 40. Nb4 Nxf2 41. Kg1 Nxh3+ 42. Kf1 Kg4 43. Nd5 Kxg3 44. Nc3 g4
45. Nxb5 Kh2 {White forfeits on time} 0-1

[Event "ICC Open 2015"]
[Site "Internet Chess Club"]
[Date "2015.05.29"]
[Round "9"]
[White "sefi"]
[Black "NietzscheBac"]
[Result "0-1"]
[ICCResult "White resigns"]
[WhiteElo "1168"]
[BlackElo "1661"]
[Opening "Two knights defense, Perreux variation"]
[ECO "C55"]
[NIC "KP.02"]
[Time "15:38:25"]
[TimeControl "180+0"]

1. e4 e5 2. d4 exd4 3. Nf3 Nc6 4. Bc4 Nf6 5. Ng5 d5 6. exd5 Na5 7. Bd3 Qxd5
8. O-O Bd6 9. b3 b6 10. c4 dxc3 11. Nxc3 Qb7 12. Re1+ Kf8 13. Bb2 Bc5 14.
Na4 Qc6 15. Bxf6 gxf6 16. Nxh7+ Rxh7 17. Bxh7 Bb7 18. Be4 Qb5 19. Bxb7 Nxb7
20. Qh5 Kg7 21. Qg4+ Kf8 22. Nxc5 Qxc5 23. Rac1 Qg5 24. Qd7 Nc5 25. Rcd1
Nxd7 {White resigns} 0-1

[Event "ICC Open 2015"]
[Site "Internet Chess Club"]
[Date "2015.05.29"]
[Round "9"]
[White "BV220364"]
[Black "triumphant1"]
[Result "0-1"]
[ICCResult "White resigns"]
[WhiteElo "1762"]
[BlackElo "2116"]
[Opening "English opening"]
[ECO "A05"]
[NIC "QP.11"]
[Time "15:39:32"]
[TimeControl "180+0"]

1. Nf3 Nf6 2. c4 g6 3. g3 Bg7 4. Bg2 c6 5. d4 d5 6. Qb3 Qb6 7. Nc3 Qxb3 8.
axb3 Na6 9. O-O O-O 10. Ne5 Nb4 11. Ra4 a5 12. Bd2 Nd7 13. Nxd7 Bxd7 14. c5
Bxd4 15. Rfa1 Bxc5 16. Rxa5 Rxa5 17. Rxa5 b6 18. Ra7 Bf5 19. e4 dxe4 20.
Nxe4 Bxe4 21. Bxe4 Nd5 22. Bxd5 cxd5 23. b4 Bd4 24. b3 e6 25. Rb7 Rc8 26.
Be3 Bxe3 27. fxe3 Rc3 28. Kf2 Rxb3 29. Rxb6 e5 30. Rb7 e4 31. b5 Rb2+ 32.
Kg1 Kg7 33. b6 Kf6 34. Rd7 Rxb6 35. Rxd5 Ke6 36. Rd4 f5 37. Kg2 Rb2+ 38. Kh3
Re2 39. g4 Rxe3+ {White resigns} 0-1

[Event "ICC Open 2015"]
[Site "Internet Chess Club"]
[Date "2015.05.29"]
[Round "9"]
[White "truufseir"]
[Black "elmonkey"]
[Result "1-0"]
[ICCResult "Black forfeits on time"]
[WhiteElo "1515"]
[BlackElo "1323"]
[Opening "French: Winawer, advance, Bogolyubov variation"]
[ECO "C17"]
[NIC "FR.10"]
[Time "15:38:55"]
[TimeControl "180+0"]

1. e4 e6 2. d4 d5 3. Nc3 Bb4 4. e5 c5 5. Bd2 cxd4 6. Nb5 Bxd2+ 7. Qxd2 Nc6
8. Nd6+ Ke7 9. Nf3 Nxe5 10. Nxc8+ Rxc8 11. Nxe5 Nf6 12. O-O-O Qd6 13. Qxd4
a6 14. f4 b5 15. Bd3 Nd7 16. Rhe1 Nc5 17. f5 Nxd3+ 18. Qxd3 Rc7 19. fxe6
fxe6 20. Qf3 Rf8 21. Qg3 g6 22. Qh4+ Ke8 23. Kb1 Rf5 24. Ng4 Kd7 25. Nf6+
Kc6 26. Ne4 {Black forfeits on time} 1-0

[Event "ICC Open 2015"]
[Site "Internet Chess Club"]
[Date "2015.05.29"]
[Round "9"]
[White "manitodeplomo"]
[Black "Dlugy"]
[Result "0-1"]
[ICCResult "White resigns"]
[WhiteElo "2624"]
[BlackElo "3030"]
[Opening "King's Indian: 6.Be2"]
[ECO "E91"]
[NIC "KI.19"]
[Time "15:39:07"]
[TimeControl "180+0"]

1. d4 Nf6 2. c4 g6 3. Nc3 Bg7 4. e4 d6 5. Nf3 O-O 6. Be2 c5 7. d5 e6 8. O-O
Na6 9. Nd2 Nc7 10. Rb1 b6 11. Re1 Re8 12. a3 exd5 13. cxd5 a6 14. a4 b5 15.
axb5 axb5 16. Bxb5 Nxb5 17. Nxb5 Ba6 18. Na3 Bd3 19. Ra1 Nxe4 20. Nxe4 Rxe4
21. Rxe4 Bxe4 22. Qe2 Bxd5 23. Bf4 Qf6 24. Rd1 Bxg2 25. Kxg2 Qxf4 26. Nc4
Bd4 27. Qf3 Qxf3+ 28. Kxf3 d5 29. Nb6 Rb8 30. Nxd5 Rxb2 31. Ne3 Rb3 32. Ke4
Bxe3 33. fxe3 Rb2 34. Rd5 Rxh2 35. Rxc5 Kg7 36. Kf4 h5 37. e4 Rf2+ 38. Ke3
Rf6 39. e5 Rf5 40. Ke4 Rf1 {White resigns} 0-1

[Event "ICC Open 2015"]
[Site "Internet Chess Club"]
[Date "2015.05.29"]
[Round "9"]
[White "jaybird"]
[Black "ErnestoRondon"]
[Result "0-1"]
[ICCResult "White forfeits on time"]
[WhiteElo "1493"]
[BlackElo "1848"]
[Opening "Old Benoni defense"]
[ECO "A43"]
[NIC "OI.09"]
[Time "15:38:30"]
[TimeControl "180+0"]

1. d4 c5 2. c3 cxd4 3. cxd4 d6 4. Nc3 Nf6 5. Nf3 g6 6. g3 Bg7 7. Bg2 O-O 8.
O-O Nc6 9. Re1 Re8 10. a3 e5 11. dxe5 dxe5 12. e4 Qc7 13. Qb3 a6 14. Be3 Be6
15. Qa4 b5 16. Qd1 Red8 17. Qc1 Rac8 18. Ng5 Nd4 19. Nxe6 fxe6 20. Bg5 Nb3
21. Qe3 Nxa1 22. Rxa1 Rf8 23. Rf1 Qc4 24. Qb6 Qc6 25. Qe3 Qc5 26. Qd2 Qc4
27. Qe3 b4 28. axb4 Qxb4 29. Qe2 Qc4 30. Qe3 Rb8 31. Rb1 Rfc8 32. Bf1 Qc6
33. Qe2 a5 34. Ra1 Qb6 35. Bc1 h5 36. Bh3 Ra8 37. Na4 Qc6 38. Nc3 a4 39. Bg2
a3 40. Rxa3 Rxa3 41. bxa3 Qxc3 42. Bd2 Qc2 43. Qa6 Rc6 44. Qa8+ Kh7 45. Be1
Rd6 {White forfeits on time} 0-1

[Event "ICC Open 2015"]
[Site "Internet Chess Club"]
[Date "2015.05.29"]
[Round "9"]
[White "Yule"]
[Black "BlackHorse97"]
[Result "0-1"]
[ICCResult "White resigns"]
[WhiteElo "2600"]
[BlackElo "2472"]
[Opening "Caro-Kann: advance variation"]
[ECO "B12"]
[NIC "CK.04"]
[Time "15:39:10"]
[TimeControl "180+0"]

1. e4 c6 2. d4 d5 3. e5 Bf5 4. Nf3 e6 5. Be2 c5 6. c3 Nc6 7. O-O cxd4 8.
cxd4 Nge7 9. Nc3 Nc8 10. Be3 Be7 11. Rc1 O-O 12. b3 Nb6 13. Ne1 Rc8 14. Bd3
Bxd3 15. Nxd3 Ba3 16. Rc2 Nb4 17. Nxb4 Bxb4 18. Ne2 Nd7 19. Nf4 Rxc2 20.
Qxc2 Nb8 21. Nd3 Be7 22. Rc1 Nc6 23. Nc5 Bxc5 24. Qxc5 Qb6 25. Qc3 h6 26. a3
Rc8 27. b4 Ne7 28. Qd2 Rc4 29. Rxc4 dxc4 30. d5 Qd8 31. d6 Nc6 32. Qc3 b5
33. f4 f6 34. exf6 Qxf6 35. Qxf6 gxf6 36. d7 Kf7 37. Bc5 c3 38. Bxa7 Ke7 39.
Be3 c2 40. Kf2 Nd4 41. a4 bxa4 42. b5 Kxd7 43. b6 Nb3 44. f5 exf5 45. Bf4
c1=Q 46. Bxc1 Nxc1 {White resigns} 0-1

[Event "ICC Open 2015"]
[Site "Internet Chess Club"]
[Date "2015.05.29"]
[Round "9"]
[White "Talion"]
[Black "supermouse"]
[Result "1-0"]
[ICCResult "Black resigns"]
[WhiteElo "2932"]
[BlackElo "2688"]
[Opening "Queen's Pawn"]
[ECO "A41"]
[NIC "QO.17"]
[Time "15:38:43"]
[TimeControl "180+0"]

1. d4 d6 2. Bf4 g6 3. h3 Bg7 4. Nf3 Nd7 5. c3 Ngf6 6. e3 c5 7. Be2 O-O 8.
O-O Rb8 9. a4 b6 10. Bh2 Bb7 11. Nfd2 a6 12. Bf3 Qc7 13. Na3 Rfc8 14. Re1
Bc6 15. e4 cxd4 16. cxd4 Ba8 17. e5 Nd5 18. Qb3 e6 19. exd6 Qd8 20. Be5 Bxe5
21. dxe5 Nc5 22. Qc4 Qg5 23. Nf1 Nf4 24. Bxa8 Nb7 25. Qe4 Nxh3+ 26. Kh2 Nxf2
27. Qf3 Ng4+ 28. Kg1 Rxa8 29. Qxb7 Nxe5 30. Qe4 Nd7 31. Rad1 Rab8 32. Nc4
Rc5 33. Nce3 Re5 34. Qg4 Qf6 35. Qg3 Rg5 36. Qf2 Qd8 37. Nh2 Rc8 38. Nf3
Rgc5 39. Ng4 h5 40. Nge5 Nf6 41. d7 R8c7 42. Rd4 Rd5 43. Rxd5 Nxd5 44. Ng5
f6 45. Nxe6 Qe7 46. Nxc7 Qd8 47. Nxd5 {Black resigns} 1-0

[Event "ICC Open 2015"]
[Site "Internet Chess Club"]
[Date "2015.05.29"]
[Round "9"]
[White "Palenque"]
[Black "krankenstein"]
[Result "1-0"]
[ICCResult "Black checkmated"]
[WhiteElo "1662"]
[BlackElo "1070"]
[Opening "Anti-Borg (Desprez) opening"]
[ECO "A00"]
[Time "15:38:45"]
[TimeControl "180+0"]

1. h4 e5 2. h5 h6 3. d3 Nc6 4. Nc3 Bc5 5. g3 d6 6. Bg2 Bf5 7. e3 Qd7 8. Nge2
O-O-O 9. Bd2 Nf6 10. Ne4 Nxe4 11. dxe4 Be6 12. c3 a6 13. Qa4 Na7 14. Qc2 f5
15. b4 fxe4 16. Bxe4 d5 17. Bg2 Bd6 18. O-O e4 19. Nd4 Bh3 20. a4 Bxg2 21.
Kxg2 Qg4 22. Rh1 c6 23. c4 dxc4 24. Qxc4 Rhf8 25. Rh4 Qd7 26. Rxe4 Qf7 27.
Qe6+ Kb8 28. f4 Rde8 29. Qxf7 Rxe4 30. Qb3 c5 31. bxc5 Bxc5 32. Rb1 b6 33.
Qd5 Rfe8 34. Qxc5 Rc8 35. Qxb6+ Ka8 36. Qb7# {Black checkmated} 1-0

[Event "ICC Open 2015"]
[Site "Internet Chess Club"]
[Date "2015.05.29"]
[Round "9"]
[White "picopico"]
[Black "knightstar"]
[Result "1-0"]
[ICCResult "Black checkmated"]
[WhiteElo "1868"]
[BlackElo "1803"]
[Opening "Modern defense: Averbakh system, Kotov variation"]
[ECO "A40"]
[NIC "KF.03"]
[Time "15:39:33"]
[TimeControl "180+0"]

1. d4 g6 2. c4 Bg7 3. Nc3 d6 4. e4 Nc6 5. Nf3 Bg4 6. Be3 Bxf3 7. gxf3 e5 8.
dxe5 dxe5 9. Nd5 Nd4 10. Be2 c6 11. Nc3 Ne7 12. Qd2 O-O 13. O-O-O c5 14. Kb1
a6 15. Nd5 Nec6 16. h4 b5 17. h5 Nxe2 18. Qxe2 g5 19. h6 Bf6 20. Nxf6+ Qxf6
21. Bxg5 Qe6 22. Rhg1 Kh8 23. Qd2 Nd4 24. Qe3 bxc4 25. f4 f6 26. f5 Qb6 27.
Bh4 Rab8 28. Rd2 c3 29. Qxc3 Nb5 30. Qd3 c4 31. Qd7 Rb7 32. Qe6 c3 33. Bxf6+
Rxf6 34. Rg8# {Black checkmated} 1-0

[Event "ICC Open 2015"]
[Site "Internet Chess Club"]
[Date "2015.05.29"]
[Round "9"]
[White "MrsPiggy"]
[Black "Jospa"]
[Result "1-0"]
[ICCResult "Black forfeits on time"]
[WhiteElo "1414"]
[BlackElo "1201"]
[Opening "Queen's pawn game"]
[ECO "D00"]
[NIC "QP.08"]
[Time "15:38:49"]
[TimeControl "180+0"]

1. d4 d5 2. e3 Nf6 3. c4 e6 4. Nf3 Bb4+ 5. Nbd2 O-O 6. a3 Bxd2+ 7. Nxd2 Ne4
8. Bd3 Qf6 9. O-O e5 10. Nxe4 dxe4 11. Bxe4 exd4 12. exd4 Bf5 13. Bxf5 Qxf5
14. b3 Nc6 15. Bb2 a5 16. d5 Ne7 17. Re1 Ng6 18. Qe2 h5 19. Qe4 Qg5 20. Qd4
Nf4 21. Qe4 Rae8 22. Qf3 Rxe1+ 23. Rxe1 h4 24. Bc1 Qf6 25. Qxf4 g6 26. Qe5
Qxe5 27. Rxe5 f6 28. Re7 f5 29. Bg5 f4 30. f3 Rf5 31. Bxh4 g5 32. Be1 Kf8
33. Re2 Kf7 34. h3 Kg6 35. Kf2 Kh5 36. Re8 b6 37. Rh8+ {Black forfeits on
time} 1-0

[Event "ICC Open 2015"]
[Site "Internet Chess Club"]
[Date "2015.05.29"]
[Round "9"]
[White "BlitzPawn94"]
[Black "jefferyx"]
[Result "1-0"]
[ICCResult "Black resigns"]
[WhiteElo "2655"]
[BlackElo "2888"]
[Opening "Nimzovich-Larsen attack: Polish variation"]
[ECO "A01"]
[NIC "VO.08"]
[Time "15:38:37"]
[TimeControl "180+0"]

1. b3 b5 2. Bb2 Bb7 3. Nf3 Nf6 4. e3 a6 5. d4 e6 6. Bd3 Rg8 7. Nbd2 g5 8.
O-O g4 9. Ne1 h5 10. e4 h4 11. e5 Nh5 12. Be4 Nc6 13. Nd3 f5 14. exf6 Nxf6
15. Qe2 Qe7 16. c4 h3 17. Rfe1 hxg2 18. d5 Nd8 19. dxe6 Nxe4 20. Nxe4 Nxe6
21. Nf6+ Kf7 22. Nxg8 Kxg8 23. Qxg4+ Bg7 24. Nf4 Qg5 25. Qxg5 Nxg5 26. Bxg7
Nf3+ 27. Kxg2 Nxe1+ 28. Kg3 Nc2 29. Rc1 Kxg7 30. Rxc2 Kf6 31. cxb5 Rg8+ 32.
Kh4 Kf5 33. Nh3 Rh8+ 34. Kg3 Rg8+ 35. Kh4 Bf3 36. Rc4 Be2 37. Rf4+ Ke5 38.
bxa6 Bxa6 39. Rf7 Ke6 40. Rh7 Bf1 41. f4 Kf5 42. Rf7+ Ke4 43. Ng5+ Ke3 44.
Rxd7 Kxf4 45. Rf7+ Ke5 46. Rxf1 Rh8+ 47. Kg4 Rxh2 48. Nf3+ {Black resigns}
1-0

[Event "ICC Open 2015"]
[Site "Internet Chess Club"]
[Date "2015.05.29"]
[Round "9"]
[White "olivermx"]
[Black "Cramagica"]
[Result "0-1"]
[ICCResult "White forfeits on time"]
[WhiteElo "801"]
[BlackElo "1217"]
[Opening "St. George (Baker) defense"]
[ECO "B00"]
[NIC "VO.17"]
[Time "15:38:56"]
[TimeControl "180+0"]

1. e4 a6 2. d4 b5 3. Nf3 Bb7 4. e5 e6 5. Be2 c5 6. c3 Ne7 7. O-O Nd5 8. Be3
h6 9. Nbd2 c4 10. Re1 Be7 11. Nf1 Qc7 12. Ng3 Nc6 13. Nh5 Nxe3 14. fxe3 g5
15. Ng3 O-O-O 16. h3 Rdf8 17. b3 cxb3 18. axb3 f6 19. exf6 Rxf6 20. Ne4 Rff8
21. b4 Nd8 22. Nc5 Bxc5 23. bxc5 Qc6 24. Qd3 Nf7 {White forfeits on time}
0-1